 Dungeon Crawl Stone Soup version 0.29.1-2-gbd0b4ee654 (webtiles) character file.

Game seed: 7130617353351005867

4140 KittyFluff the Cruncher (level 10, -1/60 HPs)
             Began as a Gargoyle Berserker on Nov 14, 2022.
             Was an Elder of Trog.
             Slain by a yak (13 damage)
             ... on level 8 of the Dungeon.
             The game lasted 00:32:17 (8519 turns).

KittyFluff the Cruncher (Gargoyle Berserker)        Turns: 8519, Time: 00:32:18

Health: -1/60      AC: 19    Str: 21    XL:     10   Next: 27%
Magic:  10/10      EV: 13    Int:  8    God:    Trog [****..]
Gold:   386        SH:  0    Dex: 13    Spells: 9/9 levels left

rFire   + . .      SeeInvis .   N - +4 quarterstaff (chaos)
rCold   + . .      Faith    .   (shield currently unavailable)
rNeg    + . .      Spirit   .   j - +0 leather armour
rPois   ∞          Reflect  .   q - +0 helmet
rElec   +          Harm     .   O - +2 cloak
rCorr   .          Rampage  .   c - +1 pair of gloves
Will    .....                   f - +0 pair of boots
Stlth   ++........              (no amulet)
HPRegen 0.20/turn               r - ring of protection from fire
MPRegen 0.12/turn               x - ring of protection from cold

@: about to teleport, on berserk cooldown, slowed, very slow
A: sickness immunity, AC +7, negative energy resistance 1, electricity
resistance, torment resistance 1, petrification resistance
a: Renounce Religion, Berserk, Trog's Hand, Brothers in Arms


You were on level 8 of the Dungeon.
You worshipped Trog.
Trog was greatly pleased with you.
You visited 1 branch of the dungeon, and saw 8 of its levels.

You collected 386 gold pieces.

Inventory:

Hand Weapons
 a - a +0 mace
 b - a +0 quarterstaff
 l - a +0 sling
 s - a +0 quarterstaff
 y - a +0 quarterstaff
 N - a +4 quarterstaff of chaos (weapon)
Missiles
 o - 4 boomerangs (quivered)
 H - 25 poisoned darts
 P - 4 boomerangs of dispersal
Armour
 c - a +1 pair of gloves (worn)
 f - a +0 pair of boots (worn)
 j - a +0 leather armour (worn)
 q - a +0 helmet (worn)
 D - a +1 ring mail of fire resistance
 L - a +0 buckler
 M - a +1 scale mail of fire resistance
 O - a +2 cloak (worn)
Jewellery
 r - a ring of protection from fire (left hand)
 x - a ring of protection from cold (right hand)
 K - a ring of protection from fire
Wands
 v - a wand of mindburst (16)
 C - a wand of paralysis (31)
Scrolls
 d - a scroll of magic mapping {unknown}
 g - 3 scrolls of teleportation
 k - 2 scrolls of immolation {unknown}
 p - 3 scrolls of enchant armour {unknown}
 t - a scroll of enchant weapon {unknown}
 w - 3 scrolls of vulnerability {unknown}
 F - a scroll of acquirement {unknown}
 G - a scroll of fear {unknown}
 I - a scroll of silence {unknown}
 J - a scroll of torment {unknown}
 R - 2 scrolls of poison {unknown}
Potions
 e - 2 potions of mutation
 h - 3 potions of heal wounds
 i - 2 potions of attraction
 m - a potion of resistance {unknown}
 n - a potion of lignification {unknown}
 u - 3 potions of curing {unknown}
 z - a potion of berserk rage {unknown}
 A - a potion of invisibility {unknown}
 B - a potion of might {unknown}
 E - a potion of flight {unknown}
 Q - a potion of magic {unknown}
 S - a potion of cancellation {unknown}


   Skills:
 + Level 5.9 Fighting
 + Level 4.1(8.2) Maces & Flails
 * Level 11.0(11.3) Staves
 * Level 6.6 Armour
 + Level 3.9 Dodging
 + Level 3.5 Stealth


You had 9 spell levels left.
You didn't know any spells.
Your spell library was empty.

Dungeon Overview and Level Annotations

Branches:
Dungeon (8/15)             Temple (0/1) D:7
   Lair: D:8-11

Altars:
Fedhas
Makhleb
Sif Muna
Wu Jian
Xom
Yredelemnul
Zin
The Shining One

Shops:
D:6 :


Innate Abilities, Weirdness & Mutations

You are immune to sickness and miasma.
Your stone body is resilient. (AC +7)
You are immune to poison.
You resist negative energy. (rN+)
You are resistant to electric shocks. (rElec)
You are resistant to unholy torment.
You are immune to petrification.


Message History

Reactivating autopickup.
You feel a bit more experienced.
The yak gores you but does no damage. x2
Items here: ))) ? [[.
You feel a strong urge to attack something.
You bludgeon the yak!!
The yak is severely wounded.
You thump the yak!
You feel better.
You kill the yak!
Trog accepts your kill.
You hit the yak.
The yak seems to slow down.
The yak is lightly wounded.
You are no longer berserk.
You are exhausted.
You feel yourself slow down.
You hit the yak. Lightning courses through the yak!
The yak is severely wounded.
The yak closely misses you.
You barely miss the yak.
The yak is severely wounded.
You barely miss the yak.
The yak is severely wounded.
A two-headed ogre comes into view.
It is wielding a +0 giant spiked club and a +0 giant club.
The yak gores you.
You bludgeon the yak!!
You kill the yak!
Trog accepts your kill.
Your Staves skill increases to level 11!
As you read the scroll of teleportation, it crumbles to dust.
You feel strangely unstable. The yak gores you. The yak closely misses you.
You sock the yak!
The yak goes berserk!
The yak is moderately wounded.
The yak gores you but does no damage.
The white imp shouts, "Scamper hence, thou defiled rude-growing hugger-mugger!"
The yak gores you!!
* * * LOW HITPOINT WARNING * * *
You closely miss the yak.
The yak is moderately wounded.
The yak gores you!
You die...

#.:.... .
#...... .###
#..... ... #....
#.###..# #..##.#
##....###
#######.......##
#oY@†.O.#####..#
#5#####.#
##.##### ... #.#
#.....# #..#.
#.. #####)#
...... ##.# #)#
.... .. .# #..
... ≈.≈ .# ###
... ... ##


You could see a two-headed ogre, a yak (berserk), a white imp and an orc.

Vanquished Creatures
  5 yaks (D:8)
  A steam dragon (D:7)
  2 water moccasins
  3 black bears
  2 ice beasts
  An orc warrior (D:8)
  The ghost of safid the Shooter, an amateur MiHu (D:4)
  2 phantoms
  Blork the orc (D:6)
  A kobold brigand (D:7)
  2 necrophages (D:7)
  A bullfrog (D:7)
  A gnoll sergeant (D:6)
  4 scorpions
  6 wights (D:7)
  9 killer bees (D:7)
  3 vampire bats (D:4)
  An electric eel (D:7)
  A bullfrog zombie (D:4)
  A centaur zombie (D:4)
  3 hounds
  6 orc priests
  A jelly (D:6)
  Crazy Yiuf (D:6)
  4 iguanas
  5 orc wizards
  2 howler monkey skeletons (D:4)
  7 adders
  3 gnolls (D:6)
  2 ufetubi
  A worm (D:2)
  2 dart slugs
  12 orcs
  2 ball pythons
  7 endoplasms
  3 giant cockroaches
  4 goblins (D:1)
  4 hobgoblins
  9 jackals
  14 kobolds
  2 quokkas
  11 bats
  2 frilled lizards
  4 rats
159 creatures vanquished.

Vanquished Creatures (others)
  A plant (D:1)
1 creature vanquished.

Grand Total: 160 creatures vanquished

Notes
Turn   | Place    | Note
-------+----------+-------------------------------------------
     0 | D:1      | KittyFluff the Gargoyle Berserker began the quest for the
                  | Orb.
     0 | D:1      | Reached XP level 1. HP: 14/14 MP: 1/1
   317 | D:1      | Reached XP level 2. HP: 19/19 MP: 2/2
   731 | D:1      | Reached XP level 3. HP: 21/23 MP: 3/3
  2151 | D:3      | Reached XP level 4. HP: 28/28 MP: 4/4
  2206 | D:3      | Reached skill level 1 in Stealth
  2215 | D:3      | Reached skill level 1 in Staves
  2215 | D:3      | Reached XP level 5. HP: 29/33 MP: 5/5
  2224 | D:3      | Reached ** piety under Trog
  2957 | D:3      | Reached skill level 2 in Staves
  2967 | D:3      | Reached XP level 6. HP: 13/38 MP: 6/6
  3356 | D:4      | Found a transporter.
  3406 | D:4      | Found a transporter.
  3411 | D:4      | Noticed safid's ghost (amateur MiHu)
  3565 | D:4      | Reached skill level 3 in Staves
  3978 | D:4      | Reached skill level 4 in Staves
  3978 | D:4      | Reached XP level 7. HP: 27/43 MP: 7/7
  4254 | D:4      | Found a basalt altar of Yredelemnul.
  4263 | D:4      | Found a burning altar of Makhleb.
  4264 | D:4      | Found a blossoming altar of Fedhas.
  4265 | D:4      | Found a glowing silver altar of Zin.
  4488 | D:4      | Found an ornate altar of the Wu Jian Council.
  4818 | D:5      | Entered Level 5 of the Dungeon
  4915 | D:4      | Killed safid's ghost
  4916 | D:4      | Reached skill level 5 in Staves
  4930 | D:4      | Reached *** piety under Trog
  5116 | D:5      | Reached XP level 8. HP: 46/48 MP: 8/8
  5558 | D:5      | Reached skill level 6 in Staves
  6487 | D:6      | Found a glowing golden altar of the Shining One.
  6523 | D:6      | Reached skill level 7 in Staves
  6618 | D:6      | Noticed Blork the orc
  6648 | D:6      | Killed Blork the orc
  6973 | D:6      | Reached skill level 5 in Armour
  7019 | D:6      | Found a runed translucent door.
  7024 | D:6      | Noticed Crazy Yiuf
  7032 | D:6      | Killed Crazy Yiuf
  7033 | D:6      | Reached skill level 8 in Staves
  7033 | D:6      | Reached XP level 9. HP: 53/53 MP: 9/9
  7130 | D:6      | Reached skill level 5 in Fighting
  7131 | D:6      | Found Ungo's Book Emporium.
  7538 | D:7      | Reached skill level 9 in Staves
  7929 | D:7      | Reached skill level 10 in Staves
  7941 | D:7      | Reached **** piety under Trog
  7959 | D:7      | Found a shimmering altar of Xom.
  7995 | D:7      | Found a shimmering blue altar of Sif Muna.
  7999 | D:7      | Found a staircase to the Ecumenical Temple.
  8330 | D:8      | Reached XP level 10. HP: 60/60 MP: 10/10
  8515 | D:8      | Noticed a two-headed ogre
  8517 | D:8      | Reached skill level 11 in Staves
  8519 | D:8      | Slain by a yak

Illustrated notes

Levels and vault maps discovered:
D:1:      dpeg_chamrin_arrival_tetris, layout_loops_ring,
          shapermc_ecumenical_altar_mp_urbaneastern, serial_bayou_pond_b
D:2:      minmay_kobold_bridge, layout_basic
D:3:      layout_basic, minmay_diced_spiral
D:4:      layout_basic, nzn_wu_jian_contemplation, mainiacjoe_overflow_alcove_3,
          gammafunk_ghost_mausoleum, minmay_tree_intersection, roderic_batcave
D:5:      layout_basic
D:6:      layout_rooms, tso_altar, serial_shops, shop, uniq_blork_the_orc,
          uniq_crazy_yiuf_cottage
D:7:      layout_basic, nicolae_overflow_hidden_temple, xom_butterflies,
          minmay_temple_entry_butterflies, minivault_14
D:8:      layout_rooms, okawaru_gym_becter,
          mainiacjoe_overflow_concentric_impassable, kennysheep_small_spiral,
          hellmonk_guarded_unrand_staff_of_battle, uniq_psyche

Skill      XL: |  1  2  3  4  5  6  7  8  9 10 |
---------------+-------------------------------+-----
Armour         | 3 4 5 6 |  6.6
Stealth        | 1 2 3 |  3.5
Maces & Flails | 4 |  4.1
Staves         | 1 2 4 5 8 10 11 | 11.0
Dodging        | 2 3 |  3.9
Fighting       | 4 5 |  5.9

Action                   |  1- 3 |  4- 6 |  7- 9 | 10-12 || total
-------------------------+-------+-------+-------+-------++-------
Melee: Mace              |    87 |       |       |       ||    87
       Punch             |     2 |       |       |       ||     2
       Quarterstaff      |    20 |   145 |   361 |    48 ||   574
Invok: Berserk           |       |     2 |     5 |     1 ||     8
  Use: Scroll            |     4 |     2 |       |     1 ||     7
 Stab: Sleeping          |       |     2 |     2 |       ||     4
       Confused          |       |       |       |     1 ||     1
Armor: Animal skin       |    58 |    71 |    66 |       ||   195
       Leather armour    |       |       |   150 |     8 ||   158
Dodge: Dodged            |    68 |    84 |   257 |    14 ||   423
